 Dungeon Crawl Stone Soup version 0.24-a0-474-g47c397e050 (webtiles) character file.

Game seed: 18347968702329448206

190 Gynju the Cudgeler (level 5, -3/45 HPs)
             Began as a Minotaur Fighter on July 5, 2019.
             Killed by divine providence
             ... invoked by an orc priest
              (14 damage)
             ... on level 2 of the Dungeon.
             The game lasted 00:02:41 (1682 turns).

Gynju the Cudgeler (Minotaur Fighter)               Turns: 1682, Time: 00:02:42

Health: -3/45      AC: 11    Str: 22    XL:     5   Next: 41%
Magic:  4/4        EV:  5    Int:  5    God:
Gold:   119        SH:  9    Dex:  9    Spells: 4/4 levels left

rFire    . . .     SeeInvis .   a - +0 flail
rCold    . . .     Gourm    .   c - +0 shield
rNeg     . . .     Faith    .   j - +0 chain mail
rPois    .         Spirit   .   (helmet restricted)
rElec    .         Reflect  .   (no cloak)
rCorr    .         Harm     .   g - +0 pair of gloves
MR       .....                  u - +0 pair of boots
Stlth    ..........             (no amulet)
HPRegen  0.15/turn              (no ring)
MPRegen  0.09/turn              (no ring)

@: no status effects
A: retaliatory headbutt, horns 2
a: no special abilities


You were on level 2 of the Dungeon.
You were not hungry.

You visited 1 branch of the dungeon, and saw 3 of its levels.

You collected 119 gold pieces.

Inventory:

Hand Weapons
 a - a +0 flail (weapon)
Armour
 c - a +0 shield (worn)
 g - a +0 pair of gloves (worn)
 j - a +0 chain mail (worn)
 u - a +0 pair of boots (worn)
Scrolls
 e - a scroll of enchant weapon {unknown}
 i - 3 scrolls of teleportation {unknown}
 l - 2 scrolls of enchant armour {unknown}
 n - a scroll of identify {unknown}
 p - 2 scrolls of fear {unknown}
 r - a scroll of remove curse {unknown}
 s - 2 scrolls of fog {unknown}
Potions
 b - a potion of berserk rage {unknown}
 d - a potion of might
 h - a potion of brilliance {unknown}
 k - 2 potions of haste {unknown}
 m - a potion of curing {unknown}
 o - 3 potions of magic {unknown}
 q - a potion of heal wounds {unknown}
Comestibles
 f - 5 rations
 t - 4 chunks of flesh


   Skills:
 - Level 3.6 Fighting
 + Level 6.9 Maces & Flails
 - Level 3.6 Armour
 - Level 3.6 Shields


You had 4 spell levels left.
You didn't know any spells.
Your spell library was empty.

Dungeon Overview and Level Annotations

Branches:
Dungeon (3/15)

Altars:
Nemelex Xobeh
Ru


Innate Abilities, Weirdness & Mutations

You reflexively headbutt those who attack you in melee.
You have a pair of horns on your head.


Message History

You hit the orc wizard.
The orc wizard is almost dead.
The orc wizard hits you but does no damage.
The orc priest hits you but does no damage.
The orc wizard hits you but does no damage.
The worm bites you but does no damage.
You hit the orc wizard.
You kill the orc wizard!
The orc priest hits you but does no damage.
The orc priest calls down the wrath of Beogh upon you.
Pain shoots through your body!
* * * LOW HITPOINT WARNING * * *
Things that are here:
a +0 dagger; a +0 robe; an orc corpse You sock the worm!
The worm is severely wounded.
The worm bites you but does no damage.
The orc priest invokes the aid of Beogh against you.
Beogh smites you!
You die...

..#
#.###.##.>.######..#
#..# #.# #.# #.##.###
#..# #..# #.# #.#
#.##.# #..####..# #.#
#.# #.##.# #....)....
#.# #รท#
#.##.########.#####..#
#.# #.#
#.##.##..............#
#.# #.#
#.##.##.###.....####.#
#.######.#
#.##.##.###.....## #.#
#........#
#....@wo.........# #.#
##########
###########......# #..
.## #........<..# ###
#.## #.#########.#
##.# #.# #.# #.## #.#
#.# .## ### #.# #.# ##
##.## #.# #.#
#######.#.## #.#####
#.#


You could see a worm and an orc priest.

Vanquished Creatures
  A hound (D:3)
  An orc wizard (D:2)
  Ijyb (D:3)
  Terence (D:2)
  An adder (D:3)
  A worm (D:2)
  3 dart slugs
  An orc (D:3)
  2 ball pythons
  A giant cockroach (D:2)
  4 goblins
  5 hobgoblins
  9 jackals
  7 kobolds
  7 bats
  8 frilled lizards
  8 rats
61 creatures vanquished.

Notes
Turn   | Place    | Note
-------+----------+-------------------------------------------
     0 | D:1      | Gynju the Minotaur Fighter began the quest for the Orb.
     0 | D:1      | Reached XP level 1. HP: 19/19 MP: 0/0
    37 | D:1      | Reached skill level 3 in Maces & Flails
    49 | D:1      | Reached XP level 2. HP: 26/26 MP: 1/1
   261 | D:1      | Reached skill level 4 in Maces & Flails
   311 | D:1      | Reached XP level 3. HP: 27/31 MP: 2/2
   788 | D:2      | Noticed Terence
   789 | D:2      | Found a sacrificial altar of Ru.
   817 | D:2      | Killed Terence
   817 | D:2      | Reached skill level 5 in Maces & Flails
   817 | D:2      | Reached XP level 4. HP: 20/39 MP: 3/3
  1109 | D:2      | Found a sparkling altar of Nemelex Xobeh.
  1601 | D:3      | Noticed Ijyb
  1609 | D:3      | Killed Ijyb
  1609 | D:3      | Reached skill level 6 in Maces & Flails
  1636 | D:3      | Reached XP level 5. HP: 25/45 MP: 4/4
  1682 | D:2      | Killed from afar by an orc priest

Levels and vault maps discovered:
D:1:      minmay_arrival_solitary_statue, layout_rooms, hangedman_decor_points
D:2:      layout_loops_ring, overflow_temple_1_default, hangedman_ru_absence,
          uniq_terence
D:3:      minmay_angry_zag, layout_basic, lemuel_doored_altar,
          cheibrodos_sewer_entry_drain, uniq_ijyb

Skill      XL: |  1  2  3  4 |
---------------+-------------+-----
Maces & Flails | 3 4 5 6 |  6.9
Fighting       | |  3.6
Armour         | |  3.6
Shields        | |  3.6

Action                   |  1- 3 |  4- 6 || total
-------------------------+-------+-------++-------
Melee: Flail             |   129 |    79 ||   208
       Headbutt          |    10 |    14 ||    24
  Eat: Chunk             |       |     3 ||     3
Armor: Scale mail        |    19 |       ||    19
       Chain mail        |    67 |    59 ||   126
Dodge: Dodged            |    45 |    14 ||    59
Block: Shield            |    75 |    50 ||   125

Table legend:
 A = Non-vault XP
 B = Vault XP
 C = Vault XP percentage of total XP
 D = Non-vault monster count
 E = Vault monster count
 F = Vault count percentage of total count
                 A         B        C        D         E       F
            +---------+---------+-------+---------+---------+-------
      Total |     151 |     121 |  44.5 |      58 |       3 |   4.9
            +---------+---------+-------+---------+---------+-------
        D:1 |      57 |       0 |   0.0 |      34 |       0 |   0.0
        D:2 |      65 |      38 |  36.9 |      15 |       1 |   6.2
        D:3 |      29 |      83 |  74.1 |       9 |       2 |  18.2
            +---------+---------+-------+---------+---------+-------
